 Dungeon Sprint DCSS version 0.31-a0-949-g57150269e1 (webtiles) character file.

Game seed: 17994274553566725352

11139 rocky1 the Wrestler (level 11, -5/71 HPs)
             Began as a Tengu Shapeshifter on Oct 23, 2023.
             Was an Initiate of Gozag.
             Slain by a freezing wraith (12 damage)
             ... in the Dungeon (Sprint VII: "The Pits").
             The game lasted 00:08:38 (3205 turns).

rocky1 the Wrestler (Tengu Shapeshifter)            Turns: 3205, Time: 00:08:38

Health: -5/71      AC: 15    Str: 19    XL:     11   Next: 73%
Magic:  12/12      EV: 12    Int: 12    God:    Gozag
Gold:   3072       SH:  0    Dex: 15    Spells: 10/10 levels left

rFire   + .          .
                       - Unarmed
rCold   + . .        (no shield)
rNeg    . . .        t - +4 chain mail
rPois   +            (helmet currently unavailable)
rElec   +            (cloak currently unavailable)
rCorr   +            (gloves currently unavailable)
SInv    .            (boots unavailable)
Will    .....        (no amulet) Stlth
                     r - +3 ring of strength
HPRegen 0.31/turn    q - +3 ring of protection
MPRegen 0.13/turn

%: no teleportation, acrobat
@: beast-form, resistant, gold aura, flying
A: beast (slay +4), flying, beak, talons 3, evasive flight, acrobatic
a: Begin Untransformation, Renounce Religion, Potion Petition, Call Merchant,
Bribe Branch


You were in the Dungeon.
You worshipped Gozag.
Gozag was most pleased with you.
You were a hulking beast.
You visited 1 branch You collected 4815 gold pieces.
You spent 216 gold pieces at shops.
You paid 1527 gold pieces to Gozag.

Inventory:

Armour
 f - a +2 robe of fire resistance
 t - a +4 chain mail (worn)
Jewellery
 q - a +3 ring of protection (right hand)
 r - a +3 ring of strength (left hand)
Talismans
 c - a beast talisman (active)
 d - a flux talisman
Wands
 u - a wand of charming (5) (quivered)
Scrolls
 a - a scroll of fog {unknown}
 j - a scroll of blinking
 l - 2 scrolls of vulnerability
 m - 5 scrolls of amnesia
 n - a scroll of summoning
 p - a scroll of silence {unknown}
 v - a scroll of poison {unknown}
 w - a scroll of revelation {unknown}
Potions
 b - a potion of lignification
 e - 4 potions of curing
 g - a potion of haste
 h - 4 potions of magic
 i - 4 potions of berserk rage
 k - 2 potions of invisibility
 o - 10 potions of heal wounds


   Skills:
 + Level 9.1 Fighting
 - Level 2.1 Dodging
 * Level 23.5 Unarmed Combat
 + Level 13.8 Shapeshifting


You had 10 spell levels left.
You didn't know any spells.
Your spell library was empty.

Dungeon Overview and Level Annotations

Branches:
Dungeon (1/1)

Altars:
Ashenzari
Cheibriados
Dithmenos
Elyvilon
Fedhas
Gozag
Hepliaklqana
Kikubaaqudgha
Makhleb
Nemelex Xobeh
Okawaru
Qazlal
Ru
Sif Muna
Trog
Uskayaw
Vehumet
Wu Jian
Xom
Yredelemnul
Zin
The Shining One
Jiyva
Lugonu

Shops:
D *=


Innate Abilities, Weirdness & Mutations

You are a hulking beast.
Your limbs bulge with bestial killing power. (Slay +4)
You are flying.
You have a beak for a mouth.
You have claws for feet.
Your magical flight helps you evade attacks. (EV +4)
You can magically evade attacks while moving or waiting.


Message History

You pummel the vampire mosquito!!
You destroy the vampire mosquito!
Unknown command.
You pound the vampire mosquito into fine dust!!!
You destroy the vampire mosquito!
Unknown command.
You punch the deep elf zephyrmancer!
Your kick misses the deep elf zephyrmancer.
The deep elf zephyrmancer is moderately wounded.
The vampire mosquito bites you.
* * * LOW HITPOINT WARNING * * *
The vampire mosquito draws strength from your injuries!
Unknown command.
You feel much better.
The vampire mosquito closely misses you.
The deep elf zephyrmancer casts a spell.
The deep elf zephyrmancer blinks!
The vampire mosquito is distracted by your dazzling golden aura.
Unknown command.
A minotaur comes into view. It is quivering silver javelins.
The minotaur bellows!
The deep elf zephyrmancer casts a spell at you.
The bolt of lightning misses you.
You pummel the vampire mosquito!!
You destroy the vampire mosquito!
The deep elf zephyrmancer points at you and mumbles some strange words.
The bolt of lightning misses you.
You hit the minotaur but do no damage.
You claw the minotaur, but do no damage.
You peck the minotaur, but do no damage.
You punch the minotaur!
The minotaur is lightly wounded.
You feel protected. The minotaur hits you!!
* * * LOW HITPOINT WARNING * * *
The minotaur gores you!
* * * LOW HITPOINT WARNING * * *
The freezing wraith hits you!
You die...
Your body crumbles into a pile of gold.

.............''..##########.)#
..∩#..#......##..............#
.............##..)...........#
'#####')######################
....##''### ####### ####
....##)...##..+...##...###
....##...##...#..##......#
<...##..##...##.$#........
....##..#...##..hW........
....##..)..##...H###......
....##.##.)#.......###....
########...))........# ...
##### #....#..e.####..# .
..[[##..#..##..##..##..
..[[##.###..##.')...+ .
..))####.##..#.##..## .# ..))#
#...'..'..####...##


You could see a minotaur, a freezing wraith and a deep elf zephyrmancer.

Vanquished Creatures
  A great orb of eyes (D)
  An anaconda (D)
  A two-headed ogre (D)
  A death yak (D)
  A flayed ghost (D)
  An orc knight (D)
  A deep elf zephyrmancer (D)
  A wolf spider (D)
  An orc sorcerer (D)
  A smoke demon (D)
  3 cane toads (D)
  An efreet (D)
  A yaktaur (D)
  A polar bear (D)
  A troll (D)
  7 blink frogs (D)
  A hornet (D)
  2 glass eyes (D)
  A wyvern (D)
  A wraith (D)
  A flying skull (D)
  2 spriggans (D)
  A shadow (D)
  5 vampire mosquitoes (D)
  A warg (D)
  A redback (D)
  A water moccasin (D)
  2 ice beasts (D)
  2 orc warriors (D)
  An ogre (D)
  7 wolves (D)
  A scorpion (D)
  A hound (D)
  An iguana (D)
  Jessica (D)
  A gnoll (D)
  2 white imps (D)
  2 ufetubi (D)
  2 orcs (D)
  2 endoplasms (D)
  A goblin (D)
  A hobgoblin (D)
  A bat (D)
  A bat simulacrum (D)
  A frilled lizard (D)
  2 rats (D)
73 creatures vanquished.

Notes
Turn   | Place    | Note
-------+----------+-------------------------------------------
     0 | D        | rocky1 the Tengu Shapeshifter began the quest for the Orb.
     0 | D        | Reached XP level 1. HP: 12/12 MP: 2/2
    43 | D        | Found a bloodstained altar of Trog.
    43 | D        | Found a shimmering blue altar of Sif Muna.
    43 | D        | Found a viscous altar of Jiyva.
    43 | D        | Found a hazy altar of Hepliaklqana.
    43 | D        | Found an opulent altar of Gozag.
    44 | D        | Found a glowing golden altar of the Shining One.
    44 | D        | Found a glowing silver altar of Zin.
    44 | D        | Found a basalt altar of Yredelemnul.
    44 | D        | Found a shimmering altar of Xom.
    44 | D        | Found an ornate altar of the Wu Jian Council.
    44 | D        | Found a sacrificial altar of Ru.
    44 | D        | Found a stormy altar of Qazlal.
    44 | D        | Found an iron altar of Okawaru.
    44 | D        | Found a sparkling altar of Nemelex Xobeh.
    44 | D        | Found a burning altar of Makhleb.
    44 | D        | Found a blossoming altar of Fedhas.
    44 | D        | Found a white marble altar of Elyvilon.
    44 | D        | Found a shadowy altar of Dithmenos.
    44 | D        | Found a snail-covered altar of Cheibriados.
    47 | D        | Found a corrupted altar of Lugonu.
    47 | D        | Found a radiant altar of Vehumet.
    48 | D        | Found an ancient bone altar of Kikubaaqudgha.
    48 | D        | Found a hide-covered altar of Uskayaw.
    48 | D        | Found a broken altar of Ashenzari.
    51 | D        | Became a worshipper of Gozag Ym Sagoz the Greedy
    67 | D        | Reached skill level 4 in Unarmed Combat
    82 | D        | Noticed a scorpion
    85 | D        | Killed a scorpion
    86 | D        | Reached skill level 7 in Unarmed Combat
    86 | D        | Reached XP level 2. HP: 11/16 MP: 3/3
    86 | D        | Reached XP level 3. HP: 14/20 MP: 4/4
    86 | D        | Reached XP level 4. HP: 18/25 MP: 5/5
   312 | D        | Noticed Jessica
   318 | D        | HP: 1/25 [ufetubus (1)]
   324 | D        | Killed Jessica
   325 | D        | Reached skill level 8 in Unarmed Combat
   325 | D        | Reached skill level 5 in Shapeshifting
   421 | D        | Noticed a glass eye
   422 | D        | Noticed a glass eye
   435 | D        | Killed a glass eye
   436 | D        | Reached skill level 11 in Unarmed Combat
   436 | D        | Reached XP level 5. HP: 12/29 MP: 6/6
   436 | D        | Reached XP level 6. HP: 14/34 MP: 7/7
   447 | D        | Killed a glass eye
   448 | D        | Reached skill level 13 in Unarmed Combat
   448 | D        | Gained mutation: Your magical flight helps you evade
                  | attacks. (EV +4) [Tengu growth]
   448 | D        | Reached XP level 7. HP: 18/38 MP: 8/8
   631 | D        | Noticed a warg
   637 | D        | Killed a warg
   638 | D        | Reached skill level 14 in Unarmed Combat
  1148 | D        | Noticed a troll
  1152 | D        | Killed a troll
  1153 | D        | Reached skill level 15 in Unarmed Combat
  1153 | D        | Reached XP level 8. HP: 31/43 MP: 9/9
  1607 | D        | Noticed a flying skull
  1607 | D        | Noticed a blink frog
  1607 | D        | Noticed a blink frog
  1607 | D        | Noticed a blink frog
  1607 | D        | Noticed a blink frog
  1607 | D        | Noticed a wraith
  1610 | D        | Killed a blink frog
  1611 | D        | Reached skill level 16 in Unarmed Combat
  1611 | D        | Killed a flying skull
  1613 | D        | Killed a blink frog
  1614 | D        | Reached skill level 17 in Unarmed Combat
  1614 | D        | Reached skill level 10 in Shapeshifting
  1614 | D        | Reached XP level 9. HP: 47/47 MP: 10/10
  1620 | D        | Reached skill level 18 in Unarmed Combat
  1739 | D        | Bought a scroll labelled AMYIXT TOESAJIC for 27 gold pieces
  1739 | D        | Bought a scroll labelled CIOLEGG QELUMP for 27 gold pieces
  1739 | D        | Bought a silver wand for 108 gold pieces
  1739 | D        | Bought a scroll labelled UTINUWKEKK for 27 gold pieces
  1739 | D        | Bought a scroll labelled WOSUUTILIU for 27 gold pieces
  1747 | D        | Noticed a two-headed ogre
  1759 | D        | Killed a two-headed ogre
  1884 | D        | Noticed a yaktaur
  1894 | D        | Killed a yaktaur
  1895 | D        | Reached skill level 19 in Unarmed Combat
  2008 | D        | Noticed an efreet
  2008 | D        | Noticed a wolf spider
  2023 | D        | Killed a wolf spider
  2024 | D        | Reached XP level 10. HP: 10/52 MP: 11/11
  2025 | D        | Reached skill level 20 in Unarmed Combat
  2277 | D        | Noticed a great orb of eyes
  2291 | D        | Killed a great orb of eyes
  2320 | D        | Noticed a smoke demon
  2321 | D        | Noticed an orc sorcerer
  2323 | D        | Noticed a soul eater
  2325 | D        | Killed a smoke demon
  2326 | D        | Reached skill level 21 in Unarmed Combat
  2330 | D        | Killed an orc sorcerer
  2331 | D        | Reached skill level 5 in Fighting
  2599 | D        | Noticed a cane toad
  2602 | D        | Killed a cane toad
  2610 | D        | Reached XP level 11. HP: 51/64 MP: 12/12
  2659 | D        | Noticed a death yak
  2673 | D        | Killed a death yak
  2674 | D        | Reached skill level 22 in Unarmed Combat
  2685 | D        | Noticed an orc knight
  2705 | D        | Killed an orc knight
  2772 | D        | Noticed a flayed ghost
  2782 | D        | Killed a flayed ghost
  2793 | D        | Noticed a deep elf zephyrmancer
  2800 | D        | Killed a deep elf zephyrmancer
  2801 | D        | Reached skill level 23 in Unarmed Combat
  3183 | D        | Noticed a deep elf zephyrmancer
  3183 | D        | Noticed an anaconda
  3191 | D        | Killed an anaconda
  3201 | D        | Noticed a minotaur
  3205 | D        | Slain by a freezing wraith

Illustrated notes

Levels and vault maps discovered:
D:        pitsprint [storerooms_1, entrance_room_1, metal_vault_7, armoury_3,
          mini_pit_1, grid_room_1, main_hall_1, silver_pit, the_coven_3,
          the_vestibule_1, steel_vault_4, golden_pit, hallway_of_sentries,
          crystal_vault_2, iron_vault_2, final_vault]

Skill      XL: |  1  2  3  4  5  6  7  8  9 10 11 |
---------------+----------------------------------+-----
Unarmed Combat | 7 11 13 15 17 19 21 23 | 23.5
Shapeshifting  | 4 6 7 9 10 11 12 13 | 13.8
Fighting       | 6 9 |  9.1
Dodging        | |  2.1

Action                     |  1- 3 |  4- 6 |  7- 9 | 10-12 || total
---------------------------+-------+-------+-------+-------++-------
  Melee: Unarmed           |     7 |    32 |    51 |   108 ||   198
         Kick              |     2 |     5 |    15 |    30 ||    52
         Peck              |     1 |     2 |    15 |    23 ||    41
         Punch             |       |       |     2 |     9 ||    11
 Invoke: Call Merchant     |       |       |     2 |       ||     2
         Potion Petition   |       |       |     1 |       ||     1
  Evoke: Wand              |       |       |     1 |       ||     1
    Use: Potion            |       |     1 |     5 |     3 ||     9
   Stab: Distracted        |       |       |       |     1 ||     1
 Armour: Animal skin       |     2 |     9 |       |       ||    11
         Chain mail        |       |     3 |    46 |    50 ||    99
  Dodge: Dodged            |     2 |    15 |    33 |    47 ||    97

Table legend: (Time is in decaauts)
 A = Elapsed time spent in this place.
 B = Non-inter-level travel time spent in this place.
 C = Inter-level travel time spent in this place.
 D = Time resting spent in this place.
 E = Time spent auto-exploring this place.
 F = Levels seen in this place.
 G = Mean time per level.
                   A        B        C        D        E       F      G
               +--------+--------+--------+--------+--------+-----+--------+
         Total |   3149 |   3080 |     69 |   2261 |      0 |   1 | 3149.0 |
       Dungeon |   3149 |   3080 |     69 |   2261 |      0 |   1 | 3149.0 |
               +--------+--------+--------+--------+--------+-----+--------+

Top non-repeatable levels by time:
       D: 3149 daAuts
